 Dungeon Crawl Stone Soup version 0.21-a0-404-g291f19a (webtiles) character file.

284 BigZZ40 the Skirmisher (level 6, -4/57 HPs)
             Began as a Minotaur Abyssal Knight on Oct 31, 2017.
             Was a Believer of Lugonu.
             Slain by an iguana (8 damage)
             ... on level 4 of the Dungeon.
             The game lasted 00:15:41 (4132 turns).

BigZZ40 the Skirmisher (Minotaur Abyssal Knight)    Turns: 4132, Time: 00:15:42

Health: -4/57      AC:  7    Str: 16    XL:     6   Next: 7%
Magic:  6/6        EV:  9    Int:  9    God:    Lugonu [**....]
Gold:   218        SH:  0    Dex: 10    Spells: 5/5 levels left

rFire    . . .     SeeInvis .   a - +1 hand axe
rCold    . . .     Gourm    .   (no shield)
rNeg     + . .     Faith    .   e - +2 scale mail {rN+}
rPois    .         Spirit   .   (helmet restricted)
rElec    .         Reflect  .   p - +0 cloak
rCorr    .         Harm     .   t - +0 pair of gloves
MR       .....                  (no boots)
Stlth    ..........             (no amulet)
HPRegen  0.19/turn              (no ring)
MPRegen  0.10/turn              (no ring)

@: no status effects
A: retaliatory headbutt, horns 2, deformed body, weak 1, no potion heal 1
a: Depart the Abyss, Bend Space, Renounce Religion


You were on level 4 of the Dungeon.
You worshipped Lugonu.
Lugonu was pleased with you.
You were very hungry.

You visited 1 branch of the dungeon, and saw 4 of its levels.
You visited the Abyss 1 time.

You collected 218 gold pieces.

Inventory:

Hand Weapons
 a - a +1 hand axe (weapon)
 h - a +1 dagger of speed
 o - a +1 short sword of speed
 r - a +2 spear of venom
Missiles
 j - 91 stones (quivered)
Armour
 b - a +0 leather armour
 e - a +2 scale mail of positive energy (worn)
 p - a +0 cloak (worn)
 t - a +0 pair of gloves (worn)
Scrolls
 d - a scroll of amnesia {unknown}
 g - a scroll of teleportation {unknown}
 l - 5 scrolls of remove curse {unknown}
 m - 4 scrolls of identify {unknown}
 n - 3 scrolls of magic mapping {unknown}
 q - a scroll of recharging {unknown}
Potions
 f - 4 potions of curing {unknown}
 k - a potion of ambrosia {unknown}
 u - a potion of might {unknown}
Comestibles
 c - 3 bread rations
 i - a meat ration
 s - 3 fruits
 v - a royal jelly


   Skills:
 + Level 6.2 Fighting
 + Level 5.3 Axes
 - Level 2.6 Armour
 - Level 1.3 Dodging
 - Level 2.1 Invocations


You had 5 spell levels left.
You didn't know any spells.

Dungeon Overview and Level Annotations

Branches:
Dungeon (4/15)
 Temple: D:4-7

Altars:
Dithmenos
Elyvilon
Makhleb
Qazlal
Ru


Innate Abilities, Weirdness & Mutations

You reflexively headbutt those who attack you in melee.
You have a pair of horns on your head.
Armour fits poorly on your strangely shaped body.
You are weak. (Str -2)
Potions are less effective at restoring your health.


Message History

The ogre is severely wounded.
The ogre closely misses you.
You hit the ogre.
You kill the ogre!
Lugonu accepts your kill.
Your Fighting skill increases to level 6!
Your Axes skill increases to level 5!
You have reached level 6!
Your experience leads to an increase in your attributes!
Your base attributes are Str 17, Int 9, Dex 10.
Increase (S)trength, (I)ntelligence, or (D)exterity?
You feel stronger.
You hit the iguana.
The iguana is moderately wounded.
The iguana bites you!
* * * LOW HITPOINT WARNING * * *
You hit the iguana but do no damage.
The iguana is moderately wounded.
The iguana misses you. The iguana bites you!
You die...

.......#.#.#.# (#
....##.#...#.# .#
....##.#####.#####.##
....#..#.....[......###
......................#
.##.##.#.####.......#
.##....#.# #.......#
########.# #.......#
..# ####@..#.... ...
###l### . ##### #.....#
.#...#.#.#.#.#.
..............(.
.#.###...#.###..
......... .......#.###
#.......#...


You could see an iguana.

Vanquished Creatures
  An ogre (D:4)
  The ghost of phantomfoot the Grave Robber, an amateur DDNe (D:3)
  Robin (D:3)
  An adder (D:2)
  An ooze (D:2)
  2 worms
  2 dart slugs
  3 leopard geckos
  11 bats
  3 giant cockroaches (D:1)
  17 goblins
  10 hobgoblins
  A jackal (D:1)
  9 kobolds
  2 quokkas (D:3)
  2 ball pythons (D:2)
  A frilled lizard (D:1)
  10 rats
  A bush (D:2)
79 creatures vanquished.

Notes
Turn   | Place    | Note
-------+----------+-------------------------------------------
     0 | Abyss:1  | BigZZ40 the Minotaur Abyssal Knight began the quest for the Orb.
     0 | Abyss:1  | Reached XP level 1. HP: 19/19 MP: 1/1
    64 | Abyss:1  | Noticed a neqoxec
    66 | Abyss:1  | Gained mutation: Armour fits poorly on your strangely shaped body. [a neqoxec]
    69 | Abyss:1  | Gained mutation: Potions are less effective at restoring your health. [a neqoxec]
    73 | Abyss:1  | Gained mutation: You are weak. (Str -2) [a neqoxec]
    75 | D:1      | Escaped the Abyss
   403 | D:1      | Reached * piety under Lugonu
   440 | D:1      | Reached skill level 4 in Fighting
   447 | D:1      | Reached XP level 2. HP: 10/27 MP: 2/2
  1017 | D:1      | Reached XP level 3. HP: 27/34 MP: 3/3
  1791 | D:2      | Found a burning altar of Makhleb.
  1791 | D:2      | Found a sacrificial altar of Ru.
  1792 | D:2      | Found a stormy altar of Qazlal.
  2105 | D:2      | Reached ** piety under Lugonu
  2170 | D:2      | Found a white marble altar of Elyvilon.
  2377 | D:2      | Reached XP level 4. HP: 33/41 MP: 4/4
  2974 | D:3      | Noticed Robin
  2977 | D:3      | Reached skill level 5 in Fighting
  2993 | D:3      | Killed Robin
  3390 | D:3      | Found a shadowy altar of Dithmenos.
  3536 | D:3      | Noticed phantomfoot's ghost (amateur DDNe)
  3559 | D:3      | Killed phantomfoot's ghost
  3559 | D:3      | Reached XP level 5. HP: 26/50 MP: 5/5
  4113 | D:4      | Noticed an ogre
  4130 | D:4      | Killed an ogre
  4130 | D:4      | Reached skill level 6 in Fighting
  4130 | D:4      | Reached skill level 5 in Axes
  4130 | D:4      | Reached XP level 6. HP: 12/57 MP: 6/6
  4132 | D:4      | Slain by an iguana

Vault maps used:
D:1:      onia_arrival_larder
D:2:      elyvilon_altar_1, gammafunk_temple_overflow_claw
D:3:      first_bread, minmay_misc_feat_cross, grunt_ministairs_10,
          grunt_dithmenos_smoke, uniq_robin
D:4:      trog_eyes_of_draining

Skill      XL: |  1  2  3  4  5 |
---------------+----------------+-----
Fighting       | 4 5 6 |  6.2
Invocations    | 2 |  2.1
Axes           | 3 4 5 |  5.3
Armour         | |  2.6
Dodging        | |  1.3

Action                   |  1- 3 |  4- 6 || total
-------------------------+-------+-------++-------
Melee: Hand axe          |   224 |    87 ||   311
       Headbutt          |    33 |    15 ||    48
Throw: Stone             |    28 |     6 ||    34
Invok: Depart the Abyss  |     1 |       ||     1
  Eat: Chunk             |     5 |     4 ||     9
Armor: Leather armour    |     3 |       ||     3
       Scale mail        |    66 |    31 ||    97
Dodge: Dodged            |    77 |    36 ||   113

Table legend:
 A = Spawn XP
 B = Non-spawn XP
 C = Spawn XP percentage of total XP
 D = Spawn monster count
 E = Non-spawn monster count
 F = Spawn count percentage of total count
 G = Total turns spent on level
                    A         B        C        D         E        F      G
               +---------+---------+-------+---------+---------+-------+---------
         Total |       0 |     407 |   0.0 |       0 |      78 |   0.0 |  4132
               +---------+---------+-------+---------+---------+-------+---------
           D:1 |       0 |      54 |   0.0 |       0 |      32 |   0.0 |  1395
           D:2 |       0 |      53 |   0.0 |       0 |      21 |   0.0 |  1374
           D:3 |       0 |     179 |   0.0 |       0 |      24 |   0.0 |  1221
           D:4 |       0 |     121 |   0.0 |       0 |       1 |   0.0 |    67
               +---------+---------+-------+---------+---------+-------+---------
